 Dungeon Crawl Stone Soup version 0.28-a0-1429-gf3d713df7a (webtiles) character file.

Game seed: 9112565621085819118

1878 Deminshera the Fighter (level 9, -5/79 HPs)
             Began as a Merfolk Monk on Jan 8, 2022.
             Was an Initiate of Yredelemnul.
             Killed from afar by Maggie (25 damage)
             ... with a bolt of fire
             ... on level 6 of the Dungeon.
             The game lasted 00:06:09 (6213 turns).

Deminshera the Fighter (Merfolk Monk)               Turns: 6213, Time: 00:06:10

Health: -5/79      AC: 14    Str: 15    XL:     9   Next: 14%
Magic:  9/9        EV: 12    Int: 15    God:    Yredelemnul [......]
Gold:   1128       SH:  5    Dex: 16    Spells: 8/8 levels left

rFire   . . .      SeeInvis +   n - +11 trident of Day {vorpal, *Rage Int+5}
rCold   . . .      Faith    .   d - +0 buckler
rNeg    . . .      Spirit   .   u - +0 scale mail {Will+}
rPois   .          Reflect  .   p - +2 helmet {SInv}
rElec   .          Harm     .   v - +0 cloak
rCorr   .          Rampage  .   (no gloves)
Will    +....      Rage     20% (no boots)
Stlth   ++........              (no amulet)
HPRegen 0.23/turn               b - +4 ring of protection
MPRegen 0.11/turn               (no ring)

@: mesmerised
A: (nimble swimmer 2), mertail
a: Renounce Religion, Recall Undead Harvest


You were on level 6 of the Dungeon.
You worshipped Yredelemnul.
Yredelemnul was noncommittal.
You visited 2 branches of the dungeon, and saw 7 of its levels.

You collected 1128 gold pieces.

Inventory:

Hand Weapons
 n - the +11 trident of Day (weapon) {vorpal, *Rage Int+5}
   (You acquired it on level 3 of the Dungeon)

   It inflicts extra damage upon your enemies.
   Int:       It affects your intelligence (+5).
   *Rage:     It berserks you when you make melee attacks (+20% chance).
Armour
 d - a +0 buckler (worn)
 p - a +2 helmet of see invisible (worn)
 u - a +0 scale mail of willpower (worn)
 v - a +0 cloak (worn)
Jewellery
 b - a +4 ring of protection (left hand)
 k - a +6 ring of intelligence
 q - a ring of wizardry
Wands
 t - a wand of flame (30)
Scrolls
 c - 3 scrolls of teleportation
 e - 3 scrolls of immolation {unknown}
 g - a scroll of amnesia {unknown}
 s - a scroll of magic mapping {unknown}
 w - a scroll of blinking {unknown}
Potions
 a - a potion of heal wounds {unknown}
 f - 2 potions of haste
 h - a potion of cancellation {unknown}
 i - 2 potions of mutation {unknown}
 j - 2 potions of curing {unknown}
 l - 3 potions of lignification
 m - 2 potions of flight
 o - 3 potions of attraction
 r - a potion of berserk rage {unknown}


   Skills:
 + Level 10.7 Fighting
 + Level 9.5 Polearms
 - Level 6.8 Dodging
 - Level 5.4 Stealth
 - Level 4.0 Shields


You had 8 spell levels left.
You didn't know any spells.
Your spell library contained the following spells:

 Spells                   Type           Power      Damage    Failure   Level
 Static Discharge         Conj/Air       0%         N/A       92%         2
 Dispel Undead            Necr           0%         3d6       100%        4
 Sticky Flame             Conj/Fire      0%         2d3       100%        4


Dungeon Overview and Level Annotations

Branches:
Dungeon (6/15)             Temple (1/1) D:4

Altars:
Ashenzari
Cheibriados
Dithmenos
Elyvilon
Fedhas
Gozag
Hepliaklqana
Kikubaaqudgha
Nemelex Xobeh
Okawaru
Sif Muna
Trog
Uskayaw
Vehumet
Wu Jian
Xom
Yredelemnul
Zin

Shops:
D:5 (

Annotations:
D:6 Maggie


Innate Abilities, Weirdness & Mutations

((You are very nimble when in or above water. (Stealth+, EV+, Speed+++)))
Your lower body shifts to a powerful aquatic tail in water.


Message History

You feel yourself speed up.
You start resting.
You recover from your berserk rage.
You start resting.
Maggie the Vainglorious comes into view.
She is wielding a +0 morningstar of distortion.
You puncture Maggie!
Maggie is moderately wounded.
Maggie mumbles some strange words.
Maggie attempts to bespell you!
You are mesmerised by Maggie!
You puncture Maggie!
Maggie is severely wounded.
Maggie hits you with a +0 morningstar of distortion!
Space warps around you.
You barely miss Maggie.
Maggie is severely wounded.
Maggie gestures at you while chanting. The bolt of fire misses you.
Pikel hits Maggie.
You hit Maggie but do no damage.
Maggie is severely wounded.
You block Maggie's attack.
You puncture Maggie!
Maggie is almost dead.
Pikel completely misses Maggie.
Maggie hits you with a +0 morningstar of distortion!
Space warps horribly around you!
You barely miss Maggie.
Maggie is almost dead.
Pikel hits Maggie but does no damage.
You hit Maggie but do no damage.
Maggie is almost dead.
Maggie gestures at you while chanting. The bolt of fire hits you!
* * * LOW HITPOINT WARNING * * *
You hit Maggie.
Maggie is almost dead.
Maggie gestures at you while chanting. The bolt of fire hits you!!
You die...
Your body rises from the dead as a mindless zombie.

#..# #..# ..
#..#######.
....#..........
.....^.....####
.....###....###
..... #......##
....
#....)..##.#.
....
#....@@......
...
#....Z.......
#......#....#
#########....
..## .# .


You could see Maggie (mesmerising, ally target) and the friendly Pikel the
kobold zombie.

Vanquished Creatures
  Pikel (D:6)
  The ghost of feta the Ducker, a novice GnGl of Makhleb (D:5)
  Menkaure (D:5)
  Edmund (D:5)
  A hornet zombie (D:5)
  2 ogres
  4 lemures (D:6)
  A phantom (D:4)
  Blork the orc (D:4)
  A bullfrog (D:6)
  A wyvern skeleton (D:6)
  A bullfrog zombie (D:6)
  A hound (D:3)
  Crazy Yiuf (D:5)
  2 iguanas (D:4)
  6 adders
  4 gnolls
  A white imp (D:5)
  2 adder skeletons (D:4)
  4 worms
  3 dart slugs
  5 orcs
  12 endoplasms
  A giant cockroach (D:1)
  7 goblins
  4 hobgoblins
  8 kobolds
  6 quokkas
  5 ball pythons
  8 bats
  6 frilled lizards
  4 rats
106 creatures vanquished.

Vanquished Creatures (others)
  An orc zombie (D:5)
  A quokka zombie (D:5)
  11 plants (D:3)
13 creatures vanquished.

Grand Total: 119 creatures vanquished

Notes
Turn   | Place    | Note
-------+----------+-------------------------------------------
     0 | D:1      | Deminshera the Merfolk Monk began the quest for the Orb.
     0 | D:1      | Reached XP level 1. HP: 18/18 MP: 1/1
    65 | D:1      | Reached XP level 2. HP: 15/24 MP: 2/2
   250 | D:1      | Reached skill level 7 in Fighting
   250 | D:1      | Reached skill level 5 in Stealth
   250 | D:1      | Reached XP level 3. HP: 4/36 MP: 3/3
   629 | D:1      | HP: 1/36 [gnoll (5)]
   938 | D:1      | Found a faded altar of an unknown god.
  1185 | D:1      | Reached XP level 4. HP: 38/43 MP: 4/4
  2002 | D:2      | Reached XP level 5. HP: 41/48 MP: 5/5
  2634 | D:3      | Found a glowing silver altar of Zin.
  2962 | D:3      | Found a broken altar of Ashenzari.
  2962 | D:3      | Found a shimmering blue altar of Sif Muna.
  3058 | D:3      | Found a white marble altar of Elyvilon.
  3265 | D:3      | Identified 3 scrolls of acquirement
  3265 | D:3      | Acquired the +11 trident of Day {vorpal, *Rage Int+5}
  3266 | D:3      | Acquired a +2 helmet of see invisible
  3267 | D:3      | Acquired 832 gold pieces
  3470 | D:4      | Reached skill level 1 in Shields
  3470 | D:4      | Reached XP level 6. HP: 56/56 MP: 6/6
  3478 | D:4      | Found a staircase to the Ecumenical Temple.
  3489 | Temple   | Entered the Ecumenical Temple
  3621 | Temple   | Became a worshipper of Yredelemnul the Dark
  3621 | Temple   | Reached * piety under Yredelemnul
  3621 | Temple   | Reached ** piety under Yredelemnul
  3683 | D:4      | Noticed Blork the orc
  3691 | D:4      | Killed Blork the orc
  3692 | D:4      | Reached skill level 8 in Fighting
  4201 | D:5      | Entered Level 5 of the Dungeon
  4271 | D:5      | Noticed Edmund
  4281 | D:5      | Killed Edmund
  4282 | D:5      | Reached XP level 7. HP: 45/63 MP: 7/7
  4436 | D:5      | Found a large runed translucent door.
  4436 | D:5      | Found a large runed translucent door.
  4441 | D:5      | Noticed feta's ghost (novice GnGl)
  4722 | D:5      | Reached skill level 9 in Fighting
  4761 | D:5      | Found Nass's Weapon Shop.
  4849 | D:5      | Noticed Menkaure
  4852 | D:5      | Killed Menkaure
  4979 | D:5      | Found a runed translucent door.
  4980 | D:5      | Noticed Crazy Yiuf
  5072 | D:5      | Reached XP level 8. HP: 71/71 MP: 8/8
  5131 | D:5      | Killed feta's ghost
  5358 | D:5      | Killed Crazy Yiuf
  6047 | D:6      | Reached skill level 10 in Fighting
  6052 | D:6      | Noticed Pikel
  6068 | D:6      | Killed Pikel
  6069 | D:6      | Reached XP level 9. HP: 32/79 MP: 9/9
  6202 | D:6      | Noticed Maggie
  6213 | D:6      | Killed from afar by Maggie

Illustrated notes

Levels and vault maps discovered:
D:1:      scummos_arrival_simple_crosswalls, layout_rooms,
          hellmonk_ecumenical_altar_heavens_door
D:2:      layout_loops_ring
D:3:      layout_loops_ring, mainiacjoe_overflow_chevrons, jmf_multi_god_temple,
          mainiacjoe_overflow_paths, kennysheep_generic_room_3
D:4:      layout_basic, temple_green, uniq_blork_the_orc
D:5:      layout_basic, serial_shops, nicolae_diamond_shop,
          ebering_ghost_disaster_area, uniq_menkaure, uniq_edmund,
          uniq_crazy_yiuf_cottage
D:6:      layout_rooms, mainiacjoe_overflow_cross_hatched,
          hangedman_minor_gate_pass, uniq_pikel, uniq_maggie
Temple:   eino_temple_water

Skill      XL: |  1  2  3  4  5  6  7  8 |
---------------+-------------------------+-----
Fighting       | 7 8 9 10 | 10.7
Polearms       | 7 8 9 |  9.5
Dodging        | 6 |  6.8
Stealth        | 5 |  5.4
Shields        | 1 2 3 4 |  4.0

Action                   |  1- 3 |  4- 6 |  7- 9 || total
-------------------------+-------+-------+-------++-------
Melee: Spear             |    85 |   187 |       ||   272
       Punch             |     1 |       |       ||     1
       Trident           |       |    43 |    60 ||   103
Invok: Recall Undead Har |       |     1 |     3 ||     4
  Use: Potion            |     1 |       |       ||     1
       Scroll            |     2 |     3 |     3 ||     8
 Stab: Sleeping          |     2 |    18 |     2 ||    22
       Distracted        |       |     2 |       ||     2
Armor: Robe              |     4 |     4 |       ||     8
       Ring mail         |       |    32 |       ||    32
       Scale mail        |       |       |    12 ||    12
Dodge: Dodged            |    60 |    82 |    22 ||   164
Block: Buckler           |       |    20 |     7 ||    27

Table legend: (Time is in decaauts)
 A = Elapsed time spent in this place.
 B = Non-inter-level travel time spent in this place.
 C = Inter-level travel time spent in this place.
 D = Time resting spent in this place.
 E = Time spent auto-exploring this place.
 F = Levels seen in this place.
 G = Mean time per level.
                   A        B        C        D        E       F      G
               +--------+--------+--------+--------+--------+-----+--------+
         Total |   6232 |   6124 |    108 |   2042 |   3218 |   7 |  890.3 |
       Dungeon |   6108 |   6012 |     96 |   2002 |   3161 |   6 | 1018.0 |
        Temple |    124 |    112 |     12 |     40 |     56 |   1 |  124.0 |
               +--------+--------+--------+--------+--------+-----+--------+

Top non-repeatable levels by time:
     D:5: 1865 daAuts
     D:1: 1355 daAuts
     D:2: 1218 daAuts
     D:4: 773 daAuts
     D:3: 648 daAuts
     D:6: 247 daAuts
  Temple: 124 daAuts
